 Dungeon Sprint DCSS version 0.21-a0-110-g8e1637b (webtiles) character file.

796 Kidiri the Covert (level 7, -20/33 HPs)
             Began as a Spriggan Enchanter on July 8, 2017.
             Demolished by a tyrant leech (21 damage)
             ... in the Dungeon (Sprint II: "The Violet Keep of Menkaure").
             The game lasted 00:02:11 (238 turns).

Kidiri the Covert (Spriggan Enchanter)               Turns: 238, Time: 00:02:12

Health: -20/33     AC:  1    Str:  4    XL:     7   Next: 58%
Magic:  9/20       EV: 27    Int: 15    God:
Gold:   486        SH:  0    Dex: 18    Spells: 12/24 levels left

rFire    . . .     SeeInvis +   a - +1 dagger
rCold    . . .     Gourm    .   (shield restricted)
rNeg     . . .     Faith    .   b - +0 robe
rPois    .         Spirit   .   (helmet restricted)
rElec    .         Reflect  .   (no cloak)
rCorr    .         Harm     .   (gloves unavailable)
MR       +....     NoTele   +   (boots unavailable)
Stlth    +++++.....             (no amulet)
HPRegen  0.11/turn              (no ring)
MPRegen  0.17/turn              (no ring)

@: very quick
A: unfitting armour, see invisible, deformed body, dopey 1, herbivore 3, speed
3, frail 1, slow metabolism 2
a: no special abilities


You were in the Dungeon.
You were not hungry.

You visited 1 branch You collected 486 gold pieces.

Inventory:

Hand Weapons
 a - a +1 dagger (weapon)
Armour
 b - a +0 robe (worn)
Scrolls
 j - a scroll of blinking
Potions
 e - a potion of curing
 f - a potion of heal wounds
 g - a potion of haste
Books
 c - a book of Maledictions

   Spells                             Type                      Level
   a - Corona                         Hexes                        1
   b - Ensorcelled Hibernation        Hexes/Ice                    2
   c - Confuse                        Hexes                        3
   d - Tukima's Dance                 Hexes                        3
   e - Dazzling Spray                 Conjuration/Hexes            3
Comestibles
 d - a bread ration


   Skills:
 + Level 4.0 Fighting
 * Level 7.8 Short Blades
 + Level 3.6 Armour
 * Level 10.5 Dodging
 * Level 11.8 Stealth
 * Level 9.0 Spellcasting
 + Level 7.1 Hexes


You had 12 spell levels left.
You knew the following spells:

 Your Spells              Type           Power        Failure   Level  Hunger
a - Corona                Hex            ####...      1%          1    None
b - Ensorcelled Hibernat  Hex/Ice        ###...       3%          2    None
c - Confuse               Hex            ####....     1%          3    #......
d - Tukima's Dance        Hex            ####....     1%          3    #......
e - Dazzling Spray        Conj/Hex       ###...       8%          3    #......


Dungeon Overview and Level Annotations

Branches:
Dungeon (1/1)

Altars:

Shops:
D %=

Annotations:
D exclusion: 4 doors


Innate Abilities, Weirdness & Mutations

You are very small and have problems with some larger weapons.
You are too small for most types of armour.
You have supernaturally acute eyesight. (SInv)
You are a herbivore.
You cover ground extremely quickly.
You need consume almost no food.
Armour fits poorly on your strangely shaped body.
You are dopey. (Int -2)
You are frail. (-10% HP)


Message History

Confirm with . or Enter, or press ? or * to list all spells.
Aiming: Ensorcelled Hibernation
Press: ? - help, Shift-Dir - straight line, f/p - tyrant leech
Aim: a tyrant leech (chance to defeat MR: 29%)
The tyrant leech looks drowsy...
The helpless tyrant leech fails to defend itself.
You stick the tyrant leech like a pincushion!!!!
You kill the tyrant leech!
Your Fighting skill increases to level 4!
Your Dodging skill increases to level 10!
Your Spellcasting skill increases to level 9!
Your Hexes skill increases to level 7!
Casting: Ensorcelled Hibernation
Confirm with . or Enter, or press ? or * to list all spells.
Aiming: Ensorcelled Hibernation
Press: ? - help, Shift-Dir - straight line, f - tyrant leech
Aim: a tyrant leech (chance to defeat MR: 30%)
The tyrant leech easily resists.
The tyrant leech bites you!!
Ouch! That really hurt!
You die...

###≈≈#+++#+++##
##≈≈≈.........#
∩#≈≈≈≈.##+##..#
.#≈≈≈≈##...## #
∩#≈≈≈≈#..#..#
.#≈≈# ##...## #
.#≈# ##+## .##
.#≈ ##.##...#
.+ +.<@w#
##.##..$# ##+#
.## ##.#### #
#.##..# ≈ #
##...## ≈§≈
#≈≈##+##≈≈≈≈≈
#≈≈≈≈≈≈≈≈§§§
#+++#+++#≈§§


You could see a tyrant leech.

Vanquished Creatures
  A merfolk siren (D)
  A tyrant leech (D)
  A neqoxec (D)
  Menkaure (D)
  A crocodile (D)
5 creatures vanquished.

Vanquished Creatures (others)
  3 neqoxecs (D)
  A crocodile (D)
4 creatures vanquished.

Grand Total: 9 creatures vanquished

Notes
Turn   | Place    | Note
-------+----------+-------------------------------------------
     0 | D        | Kidiri the Spriggan Enchanter began the quest for the Orb.
     0 | D        | Reached XP level 1. HP: 9/9 MP: 5/5
     1 | D        | Noticed a neqoxec
     1 | D        | Gained mutation: You are frail. (-10% HP) [a neqoxec]
     3 | D        | Gained mutation: Armour fits poorly on your strangely shaped body. [a neqoxec]
     7 | D        | Noticed a crimson imp
     9 | D        | Gained mutation: You are dopey. (Int -2) [a neqoxec]
    12 | D        | Killed a neqoxec
    12 | D        | Reached skill level 1 in Armour
    12 | D        | Reached skill level 7 in Stealth
    12 | D        | Reached skill level 5 in Spellcasting
    12 | D        | Reached skill level 5 in Hexes
    12 | D        | Reached XP level 2. HP: 13/13 MP: 5/9
    12 | D        | Reached XP level 3. HP: 16/16 MP: 6/11
    12 | D        | Reached XP level 4. HP: 20/20 MP: 6/12
    15 | D        | Killed a neqoxec
    30 | D        | Killed a neqoxec
    43 | D        | Learned a level 2 spell: Ensorcelled Hibernation
    47 | D        | Learned a level 3 spell: Confuse
    51 | D        | Learned a level 3 spell: Tukima's Dance
    55 | D        | Learned a level 3 spell: Dazzling Spray
    61 | D        | Killed a neqoxec
    79 | D        | Noticed a merfolk siren
    79 | D        | Noticed Menkaure
    82 | D        | Killed Menkaure
    82 | D        | Reached skill level 8 in Stealth
    82 | D        | Reached XP level 5. HP: 23/24 MP: 5/14
   103 | D        | Killed a crocodile
   106 | D        | Killed a merfolk siren
   106 | D        | Reached skill level 10 in Stealth
   106 | D        | Reached XP level 6. HP: 28/28 MP: 6/18
   106 | D        | Reached XP level 7. HP: 32/32 MP: 6/19
   216 | D        | Found Astri's Food Shoppe.
   216 | D        | Found Josi's Jewellery Emporium.
   217 | D        | Reached skill level 11 in Stealth
   232 | D        | Noticed a tyrant leech
   232 | D        | Noticed a tyrant leech
   235 | D        | HP: 1/33 [tyrant leech (28)]
   237 | D        | Killed a tyrant leech
   237 | D        | Reached skill level 10 in Dodging
   238 | D        | Demolished by a tyrant leech

Vault maps used:
D:        the_violet_keep_of_menkaure

Skill      XL: |  1  2  3  4  5  6  7 |
---------------+----------------------+-----
Fighting       | 2 3 4 |  4.0
Short Blades   | 4 6 7 |  7.8
Armour         | 1 2 3 |  3.6
Dodging        | 6 7 9 10 | 10.5
Stealth        | 7 8 10 11 | 11.8
Spellcasting   | 5 6 8 9 |  9.0
Hexes          | 5 6 7 |  7.1

Action                   |  1- 3 |  4- 6 |  7- 9 || total
-------------------------+-------+-------+-------++-------
Melee: Dagger            |     8 |     7 |     2 ||    17
 Cast: Dazzling Spray    |       |     5 |       ||     5
       Corona            |       |     1 |       ||     1
       Ensorcelled Hiber |       |     2 |     5 ||     7
       Confuse           |       |     2 |       ||     2
       Tukima's Dance    |       |     1 |       ||     1
  Use: Potion            |     1 |     2 |       ||     3
 Stab: Invisible         |       |     2 |       ||     2
       Sleeping          |       |       |     2 ||     2
Dodge: Dodged            |     3 |     4 |     4 ||    11
